 Dungeon Crawl Stone Soup version 0.31-a0-188-g5e087ee2ca (webtiles) character file.

Game seed: 9933855909586997930

1973 qw the Skirmisher (level 9, 0/51 HPs)
             Began as a Deep Elf Hunter on June 23, 2023.
             Was an Initiate of Okawaru.
             Slain by a gnoll
             ... wielding a +0 club
             ... led by a gnoll sergeant
              (4 damage)
             ... on level 6 of the Dungeon.
             The game lasted 00:03:06 (5584 turns).

qw the Skirmisher (Deep Elf Hunter)                 Turns: 5584, Time: 00:03:07

Health: 0/51       AC:  7    Str: 12    XL:     9   Next: 0%
Magic:  11/12      EV: 13    Int: 15    God:    Okawaru [......]
Gold:   284        SH:  0    Dex: 18    Spells: 8/8 levels left

rFire   . . .        Y - +1 shortbow
rCold   . . .        (shield currently unavailable)
rNeg    . . .        l - +0 ring mail
rPois   .            g - +0 helmet
rElec   .            (no cloak)
rCorr   .            (no gloves)
SInv    .            b - +0 pair of boots
Will    .....        (no amulet)
Stlth   +            (no ring)
HPRegen 0.28/turn    (no ring)
MPRegen 0.13/turn

%: no passive effects
@: no status effects
A: no striking features
a: Renounce Religion


You were on level 6 of the Dungeon.
You worshipped Okawaru.
Okawaru was noncommittal.
You visited 2 branches of the dungeon, and saw 7 of its levels.

You collected 284 gold pieces.


   Skills:
 + Level 3.4 Fighting
 - Level 14.0 Ranged Weapons
 - Level 1.1 Armour
 - Level 5.1 Dodging
 - Level 1.2 Stealth
 - Level 1.5 Invocations


You had 8 spell levels left.
You didn't know any spells.
Your spell library was empty.

Inventory:

Hand Weapons
 Y - a +1 shortbow (weapon)
Armour
 b - a +0 pair of boots (worn)
 g - a +0 helmet (worn)
 l - a +0 ring mail (worn)
Scrolls
 a - a scroll of identify
Potions
 d - a potion of cancellation
 e - 2 potions of might
 f - a potion of resistance
 h - a potion of brilliance {unknown}
 i - a potion of berserk rage {unknown}
 j - 6 potions of curing
 k - a potion of attraction {unknown}
 n - a potion of invisibility {unknown}

Dungeon Overview and Level Annotations

Branches:
Dungeon (6/15)             Temple (1/1) D:4

Altars:
Ashenzari
Cheibriados
Dithmenos
Hepliaklqana
Kikubaaqudgha
Okawaru
Qazlal
Uskayaw
Vehumet
Xom
Yredelemnul
Zin


Message History

You shoot an arrow.
The arrow hits the gnoll sergeant but does no damage.
You shoot an arrow.
The arrow barely misses the gnoll sergeant.
You shoot an arrow.
The arrow hits the gnoll sergeant but does no damage.
The gnoll sergeant hits you from afar with a +0 spear.
You shoot an arrow.
The arrow hits the gnoll sergeant but does no damage.
The gnoll sergeant closely misses you.
You shoot an arrow. The arrow hits the gnoll!
The gnoll is almost dead.
The gnoll sergeant hits you but does no damage.
The gnoll hits you but does no damage.
You shoot an arrow. The arrow hits the gnoll.
You kill the gnoll!
Okawaru accepts your kill. The gnoll barely misses you.
The gnoll sergeant barely misses you. The gnoll closely misses you.
You have reached level 9!
Your experience leads to an increase in your attributes!
Increase (S)trength, (I)ntelligence, or (D)exterity?
You feel stronger. x2
You shoot an arrow. The arrow hits the gnoll!
You kill the gnoll!
Okawaru accepts your kill.
You feel like a meek peon again.
You shoot an arrow. The arrow closely misses the gnoll.
The gnoll sergeant hits you from afar with a +0 spear.
The gnoll completely misses you.
You shoot an arrow. The arrow hits the gnoll!
The gnoll is severely wounded.
The gnoll hits you with a +0 club. The gnoll sergeant closely misses you.
You shoot an arrow. The arrow barely misses the gnoll.
The gnoll completely misses you.
The gnoll sergeant hits you but does no damage.
You shoot an arrow. The arrow hits the gnoll.
The gnoll is severely wounded.
The gnoll hits you with a +0 club.
You die...

oo........b..(.................#
......................ยค#########
.....................###
.....................#
.....................#
..............^......#
.....................#
............### ......f@......#
......g))...#.# .....)g....(..#
...?........#.# ...........!..#
.........=..#.# ............# #
............# ............


You could see a sleepcap, a gnoll sergeant and a gnoll.

Vanquished Creatures
  Sigmund (D:6)
  A water moccasin (D:6)
  An ice beast (D:4)
  An ogre (D:4)
  3 scorpions
  2 bullfrogs
  A necrophage (D:4)
  A water moccasin zombie (D:3)
  3 wights (D:4)
  4 crimson imps (D:3)
  4 hounds
  A bullfrog zombie (D:4)
  An orc priest (D:5)
  A human zombie (D:4)
  Jessica (D:2)
  A scorpion zombie (D:4)
  An iguana (D:5)
  4 orc wizards
  Natasha (thrice) (D:3)
  A hound skeleton (D:3)
  2 mummies (D:4)
  A howler monkey zombie (D:4)
  7 gnolls
  6 adders
  2 ufetubi
  An adder zombie (D:4)
  2 adder skeletons (D:3)
  4 worms
  A dart slug (D:2)
  23 orcs
  10 endoplasms
  6 giant cockroaches
  9 goblins
  5 hobgoblins
  10 jackals
  7 kobolds
  A quokka (D:1)
  7 ball pythons
  2 ball python zombies (D:3)
  4 bats
  2 frilled lizards
  A quokka zombie (D:4)
  9 rats
158 creatures vanquished.

Notes
Turn   | Place    | Note
-------+----------+-------------------------------------------
     0 | D:1      | qw the Deep Elf Hunter began the quest for the Orb.
     0 | D:1      | Reached XP level 1. HP: 12/12 MP: 3/3
     0 | D:1      | 0 ||| qw: Version: 0.3-a-9-g12657ce
     0 | D:1      | 0 ||| qw: Game counter: 4405
     0 | D:1      | 0 ||| qw: Always use a shield: true
     0 | D:1      | 0 ||| qw: God list: Okawaru
     0 | D:1      | 0 ||| qw: Allow faded altars: false
     0 | D:1      | 0 ||| qw: Do Orc after D:15 true
     0 | D:1      | 0 ||| qw: Do second Lair branch before Depths: true
     0 | D:1      | 0 ||| qw: Lair rune preference: random
     0 | D:1      | 0 ||| qw: Plans: Normal
     0 | D:1      | 0 ||| PLANNING D:1-11
   381 | D:1      | Reached XP level 2. HP: 16/16 MP: 4/4
   382 | D:1      | Reached skill level 6 in Ranged Weapons
   807 | D:1      | 807 ||| UPGRADING to +0 ring mail.
   817 | D:1      | 817 ||| DROPPING +0 leather armour.
   818 | D:1      | 818 ||| READING 2 scrolls labelled KEGGIECSEU.
   819 | D:1      | 819 ||| READING scroll labelled FYDAUT ATYEQ.
   822 | D:1      | 822 ||| READING scroll labelled YPTOISTRIUNA.
   923 | D:1      | 923 ||| READING scroll labelled PINLATR TUXUA.
   924 | D:1      | 924 ||| DROPPING scroll of butterflies.
   961 | D:2      | 961 ||| FLEEEEING.
   962 | D:2      | 962 ||| FLEEEEING.
   963 | D:2      | 963 ||| STAIRDANCE
   983 | D:2      | 983 ||| STAIRDANCE
   996 | D:2      | 996 ||| STAIRDANCE
  1003 | D:1      | HP: 4/16 [jackal (1)]
  1061 | D:2      | Reached XP level 3. HP: 20/20 MP: 5/5
  1194 | D:2      | Noticed Jessica
  1205 | D:2      | Killed Jessica
  1206 | D:2      | Reached skill level 7 in Ranged Weapons
  1314 | D:2      | Reached XP level 4. HP: 22/25 MP: 6/6
  1787 | D:2      | Found a faded altar of an unknown god.
  2006 | D:2      | 2006 ||| UPGRADING to +0 pair of boots.
  2011 | D:2      | 2011 ||| UPGRADING to +0 helmet.
  2016 | D:2      | 2016 ||| READING scroll labelled VUMO ISIROS.
  2017 | D:2      | 2017 ||| DRINKING 3 blue potions.
  2141 | D:3      | Reached skill level 8 in Ranged Weapons
  2178 | D:3      | 2178 ||| FLEEEEING.
  2179 | D:3      | 2179 ||| FLEEEEING.
  2180 | D:3      | 2180 ||| FLEEEEING.
  2181 | D:3      | 2181 ||| FLEEEEING.
  2182 | D:3      | 2182 ||| FLEEEEING.
  2191 | D:3      | HP: 4/25 [gnoll/+0 whip (6)]
  2192 | D:3      | 2192 ||| DRINKING 2 potions of heal wounds.
  2199 | D:3      | Reached XP level 5. HP: 29/29 MP: 7/7
  2283 | D:3      | Found a hazy altar of Hepliaklqana.
  2327 | D:3      | Found a shimmering altar of Xom.
  2383 | D:3      | Reached skill level 9 in Ranged Weapons
  2592 | D:3      | Reached XP level 6. HP: 35/35 MP: 8/8
  2643 | D:3      | Noticed Natasha
  2650 | D:3      | Killed Natasha
  2651 | D:3      | Reached skill level 1 in Armour
  2666 | D:3      | HP: 6/35 [water moccasin zombie (6)]
  2667 | D:3      | 2667 ||| DRINKING potion of heal wounds.
  2749 | D:3      | Identified the +1 dagger of Divine Optimality {pain, rF+
                  | Str+4 Dex-2}
  2881 | D:3      | Noticed Natasha
  2887 | D:3      | Killed Natasha
  2942 | D:3      | Reached skill level 10 in Ranged Weapons
  2996 | D:3      | Noticed Natasha
  3001 | D:3      | Killed Natasha
  3002 | D:3      | Reached skill level 3 in Dodging
  3093 | D:3      | 3093 ||| READING scroll labelled YDYR QUKOSIJEA.
  3094 | D:3      | 3094 ||| READING scroll labelled ANAOC DUNN.
  3295 | D:4      | 3295 ||| FLEEEEING.
  3296 | D:4      | 3296 ||| FLEEEEING.
  3297 | D:4      | 3297 ||| FLEEEEING.
  3298 | D:4      | 3298 ||| FLEEEEING.
  3299 | D:4      | 3299 ||| FLEEEEING.
  3300 | D:4      | 3300 ||| FLEEEEING.
  3301 | D:4      | 3301 ||| FLEEEEING.
  3302 | D:4      | 3302 ||| FLEEEEING.
  3303 | D:4      | 3303 ||| FLEEEEING.
  3304 | D:4      | 3304 ||| FLEEEEING.
  3305 | D:4      | 3305 ||| FLEEEEING.
  3306 | D:4      | 3306 ||| FLEEEEING.
  3309 | D:4      | 3309 ||| FLEEEEING.
  3314 | D:4      | Reached XP level 7. HP: 33/40 MP: 9/9
  3533 | D:4      | HP: 9/40 [wight/+0 falchion (11)]
  3535 | D:4      | HP: 4/40 [wight/+0 falchion (5)]
  3538 | D:4      | Reached skill level 11 in Ranged Weapons
  3779 | D:4      | Found an ancient bone altar of Kikubaaqudgha.
  3845 | D:4      | Reached skill level 12 in Ranged Weapons
  4072 | D:4      | Reached skill level 3 in Fighting
  4072 | D:4      | Reached XP level 8. HP: 46/46 MP: 10/10
  4130 | D:4      | Found a staircase to the Ecumenical Temple.
  4131 | D:4      | 4131 ||| PLANNING TEMPLE
  4132 | D:4      | 4132 ||| READING scroll labelled UQAECE XUVA.
  4137 | Temple   | Entered the Ecumenical Temple
  4137 | Temple   | Found a transporter.
  4137 | Temple   | Found a transporter.
  4139 | Temple   | Found a transporter.
  4139 | Temple   | Found a transporter.
  4149 | Temple   | 4149 ||| PLANNING D:1-11
  4152 | Temple   | 4152 ||| PLANNING OKAWARU WORSHIP
  4156 | Temple   | Became a worshipper of Warmaster Okawaru
  4157 | Temple   | 4157 ||| PLANNING D:1-11
  4497 | D:4      | 4497 ||| READING 4 scrolls of identify.
  4497 | D:4      | 4497 ||| IDENTIFYING sedimented red potion
  4498 | D:4      | 4498 ||| READING 3 scrolls of identify.
  4498 | D:4      | 4498 ||| IDENTIFYING amethyst potion
  4499 | D:4      | 4499 ||| READING 2 scrolls of identify.
  4499 | D:4      | 4499 ||| IDENTIFYING red potion
  4500 | D:4      | 4500 ||| DROPPING potion of degeneration.
  4501 | D:4      | 4501 ||| DROPPING potion of lignification.
  4529 | D:5      | Entered Level 5 of the Dungeon
  4672 | D:5      | Found a hide-covered altar of Uskayaw.
  5021 | D:5      | 5021 ||| Stepping ~*~*~tactically~*~*~ (outnumbered).
  5022 | D:5      | 5022 ||| Stepping ~*~*~tactically~*~*~ (outnumbered).
  5023 | D:5      | 5023 ||| Stepping ~*~*~tactically~*~*~ (outnumbered).
  5026 | D:5      | 5026 ||| Stepping ~*~*~tactically~*~*~ (outnumbered).
  5027 | D:5      | 5027 ||| Stepping ~*~*~tactically~*~*~ (outnumbered).
  5032 | D:5      | Reached skill level 13 in Ranged Weapons
  5154 | D:5      | 5154 ||| READING scroll labelled HAESKYM RAUBU.
  5155 | D:5      | 5155 ||| READING scroll labelled NEQEKH HESS.
  5156 | D:5      | 5156 ||| DRINKING 3 coppery potions.
  5157 | D:5      | 5157 ||| READING 2 scrolls of identify.
  5157 | D:5      | 5157 ||| IDENTIFYING smoky cyan potion
  5200 | D:6      | Noticed Sigmund
  5204 | D:6      | 5204 ||| STAIRDANCE
  5229 | D:6      | 5229 ||| STAIRDANCE
  5267 | D:6      | Killed Sigmund
  5267 | D:6      | Reached * piety under Okawaru
  5286 | D:6      | Reached skill level 1 in Invocations
  5306 | D:6      | 5306 ||| INVOKING Heroism.
  5307 | D:6      | 5307 ||| DRINKING 7 potions of curing.
  5307 | D:6      | 5307 ||| (to cure confusion)
  5320 | D:6      | 5320 ||| INVOKING Heroism.
  5321 | D:6      | HP: 11/46 [water moccasin (2)]
  5322 | D:6      | 5322 ||| READING scroll of teleportation.
  5323 | D:6      | 5323 ||| DRINKING 2 potions of heal wounds.
  5329 | D:6      | HP: 10/46 [poisoned by a scorpion]
  5330 | D:6      | 5330 ||| DRINKING potion of heal wounds.
  5419 | D:6      | Found a stormy altar of Qazlal.
  5438 | D:6      | Reached skill level 14 in Ranged Weapons
  5539 | D:6      | HP: 10/46 [poisoned by a water moccasin]
  5544 | D:6      | HP: 6/46 [poisoned by a water moccasin]
  5564 | D:6      | 5564 ||| FLEEEEING.
  5565 | D:6      | 5565 ||| INVOKING Heroism.
  5576 | D:6      | HP: 10/46 [gnoll sergeant/+0 spear (3)]
  5580 | D:6      | Reached XP level 9. HP: 12/51 MP: 10/12
  5581 | D:6      | HP: 6/51 [gnoll sergeant/+0 spear (6)]
  5584 | D:6      | Slain by a gnoll

Levels and vault maps discovered:
D:1:      dpeg_arrival_tiny_b, layout_basic, serial_bayou, serial_bayou_pond_e,
          serial_bayou_ford_a, serial_bayou_pond_e, serial_bayou_shore_b,
          serial_bayou_pond_b, minmay_pentomino_s4
D:2:      minmay_thinvault, layout_loops_cross, shapermc_ecumenical_altar_venn,
          uniq_jessica
D:3:      layout_loops_ring, mainiacjoe_overflow_24_doors, led_xom_imps,
          dilly_guarded_unrand_morg
D:4:      layout_basic, lemuel_mausoleum_altar_kikubaaqudgha, temple_doors_ab,
          nicolae_titane
D:5:      layout_gridville, nicolae_uskayaw_dance_hall
D:6:      layout_basic, mainiacjoe_overflow_brackets,
          nicolae_elyvilon_peaceful_grove, st_stairs_4, uniq_sigmund
Temple:   hellmonk_temple_divided_pantheon

Skill      XL: |  1  2  3  4  5  6  7  8 |
---------------+-------------------------+-----
Ranged Weapons | 6 7 8 9 10 12 14 | 14.0
Fighting       | 2 3 |  3.4
Armour         | 1 |  1.1
Dodging        | 3 5 |  5.1
Invocations    | 1 |  1.5
Stealth        | |  1.2

Action                     |  1- 3 |  4- 6 |  7- 9 || total
---------------------------+-------+-------+-------++-------
   Fire: Shortbow          |   103 |   281 |   347 ||   731
 Invoke: Heroism           |       |       |     3 ||     3
    Use: Scroll            |     4 |     3 |     8 ||    15
         Potion            |       |     3 |     4 ||     7
 Armour: Ring mail         |    30 |    69 |    65 ||   164
  Dodge: Dodged            |    60 |    86 |   117 ||   263

Table legend:
 A = Non-vault XP
 B = Vault XP
 C = Vault XP percentage of total XP
 D = Non-vault monster count
 E = Vault monster count
 F = Vault count percentage of total count
                 A         B        C        D         E       F
            +---------+---------+-------+---------+---------+-------
      Total |    1684 |    1135 |  40.3 |     115 |      43 |  27.2
            +---------+---------+-------+---------+---------+-------
        D:1 |      23 |       7 |  23.3 |      14 |       5 |  26.3
        D:2 |      52 |      56 |  51.9 |      19 |      14 |  42.4
        D:3 |     184 |     343 |  65.1 |      30 |      11 |  26.8
        D:4 |     493 |     498 |  50.3 |      20 |      12 |  37.5
        D:5 |     419 |       0 |   0.0 |      17 |       0 |   0.0
        D:6 |     513 |     231 |  31.0 |      15 |       1 |   6.2
            +---------+---------+-------+---------+---------+-------
